 Dungeon Crawl Stone Soup version 0.30-a0-652-gcc886f7154 (webtiles) character file.

Game seed: 14662862016187023903

102 Absynth the Trooper (level 4, -5/41 HPs)
             Began as a Hill Orc Fighter on Jan 17, 2023.
             Killed by divine providence
             ... invoked by an orc priest
              (10 damage)
             ... on level 3 of the Dungeon.
             The game lasted 00:04:36 (1880 turns).

Absynth the Trooper (Hill Orc Fighter)              Turns: 1880, Time: 00:04:36

Health: -5/41      AC: 14    Str: 20    XL:     4   Next: 78%
Magic:  4/4        EV:  5    Int:  8    God:
Gold:   94         SH:  4    Dex: 10    Spells: 3/3 levels left

rFire   . . .      SeeInvis .    a - +0 trident
rCold   . . .      Faith    .    c - +0 buckler
rNeg    . . .      Spirit   .    q - +0 plate armour
rPois   .          Reflect  .    j - +0 helmet
rElec   .          Harm     .    (no cloak)
rCorr   .          Rampage  .    i - +0 pair of gloves
Will    .....                    (no boots) Stlth
                                 (no amulet)
HPRegen 0.26/turn                (no ring)
MPRegen 0.09/turn                (no ring)

@: no status effects
A: no striking features
a: Convert to Beogh


You were on level 3 of the Dungeon.
You visited 1 branch of the dungeon, and saw 3 of its levels.

You collected 94 gold pieces.

Inventory:

Hand Weapons
 a - a +0 trident (weapon)
Missiles
 o - 2 boomerangs (quivered)
Armour
 c - a +0 buckler (worn)
 i - a +0 pair of gloves (worn)
 j - a +0 helmet (worn)
 q - a +0 plate armour (worn)
Jewellery
 h - a ring of protection from fire
Wands
 n - a wand of iceblast (10)
Scrolls
 e - 2 scrolls of identify {unknown}
 f - a scroll of silence {unknown}
 k - a scroll of teleportation {unknown}
 l - a scroll of noise {unknown}
 p - a scroll of enchant armour {unknown}
Potions
 d - 2 potions of might
 g - a potion of resistance {unknown}
 m - a potion of flight {unknown}


   Skills:
 - Level 4.4 Fighting
 * Level 4.0 Polearms
 + Level 4.1 Armour
 - Level 3.2 Shields


You had 3 spell levels left.
You didn't know any spells.
Your spell library contained the following spells:

 Spells                   Type           Power      Damage    Failure   Level
 Cigotuvi's Dreadful Rot  Necr/Pois/Air  0%         N/A       100%        2
 Poisonous Vapours        Pois/Air       0%         N/A       100%        2
 Mephitic Cloud           Conj/Pois/Air  0%         N/A       100%        3


Dungeon Overview and Level Annotations

Branches:
Dungeon (3/15)

Altars:
Okawaru


Message History

The orc priest hits you but does no damage.
The orc priest hits you with a +2 flail of protection!
You hit the orc priest.
The orc priest is heavily wounded.
The orc priest calls down the wrath of Beogh upon you.
Pain shoots through your body!
The orc priest mumbles some strange prayers to Beogh against you.
Beogh smites you!
* * * LOW HITPOINT WARNING * * *
You hit the orc priest but do no damage.
The orc priest is heavily wounded.
The orc priest looks satisfied for a moment.
You block the orc priest's attack.
You hit the orc priest but do no damage.
The orc priest is heavily wounded.
The orc priest hits you with a +0 whip.
* * * LOW HITPOINT WARNING * * *
The orc priest barely misses you.
You hit the orc priest but do no damage.
The orc priest is heavily wounded.
The orc priest shouts, "Beogh is our master!
Accept the truth or die!"
You block the orc priest's attack.
The orc priest hits you but does no damage.
You hit the orc priest but do no damage.
The orc priest shouts, "Join the one true god or die!"
The orc priest is heavily wounded.
The orc priest shouts, "Surrender to Beogh and we'll let you live!"
The orc priest calls upon Beogh to heal the orc priest.
The orc priest is healed somewhat.
The orc priest begins to cast a cantrip, but forgets the words!
You puncture the orc priest!
The orc priest is almost dead.
The orc priest hits you with a +0 whip.
* * * LOW HITPOINT WARNING * * *
The orc priest hits you but does no damage.
The orc priest hits you with a +0 whip.
* * * LOW HITPOINT WARNING * * *
The orc priest invokes the aid of Beogh against you.
Beogh smites you!
You die...

.. #.#.. ###
#.#.######.#.# ..#
#.......##...# ..#
###.##...#
..#######....#...#
...........#...#.#
...........##.>#.#
...........#####.#
...........# #@#
...........#...oo.......
.....†.....#............
...........#.........###
...........#.........#
[..........#.........#
...........#.........#
################+#+#.#


You could see 2 orc priests.

Vanquished Creatures
  4 adders (D:2)
  2 worms
  A dart slug (D:1)
  An orc (D:3)
  4 bats
  5 endoplasms
  2 giant cockroaches (D:1)
  5 goblins
  2 hobgoblins
  9 jackals
  6 quokkas
  4 ball pythons
  A frilled lizard (D:2)
  3 rats
49 creatures vanquished.

Notes
Turn   | Place    | Note
-------+----------+-------------------------------------------
     0 | D:1      | Absynth the Hill Orc Fighter began the quest for the Orb.
     0 | D:1      | Reached XP level 1. HP: 19/19 MP: 1/1
    37 | D:1      | Reached XP level 2. HP: 23/27 MP: 2/2
   261 | D:1      | Reached XP level 3. HP: 33/33 MP: 3/3
   937 | D:2      | Reached XP level 4. HP: 40/40 MP: 4/4
  1220 | D:2      | Found an iron altar of Okawaru.
  1880 | D:3      | Killed from afar by an orc priest

Illustrated notes

Levels and vault maps discovered:
D:1:      scummos_arrival_simple_crosswalls, layout_loops_ring
D:2:      layout_basic, basic_altar, chequers_arboretum, minmay_misc_feat_chi,
          nicolae_concentric_dashed_squares_mild, amethyst_killhole,
          minmay_door_square, kennysheep_generic_room_16
D:3:      layout_basic, regret_index_temple_of_mockery,
          nicolae_uskayaw_dance_hall, grunt_decor_fettered

Skill      XL: |  1  2  3  4 |
---------------+-------------+-----
Polearms       | 3 4 |  4.0
Fighting       | 4 |  4.4
Armour         | 4 |  4.1
Shields        | |  3.2

Action                   |  1- 3 |  4- 6 || total
-------------------------+-------+-------++-------
Melee: Trident           |   133 |    70 ||   203
Armor: Scale mail        |    55 |    21 ||    76
       Plate armour      |       |     7 ||     7
Dodge: Dodged            |    59 |    23 ||    82
Block: Buckler           |    21 |    12 ||    33

Table legend: (Time is in decaauts)
 A = Elapsed time spent in this place.
 B = Non-inter-level travel time spent in this place.
 C = Inter-level travel time spent in this place.
 D = Time resting spent in this place.
 E = Time spent auto-exploring this place.
 F = Levels seen in this place.
 G = Mean time per level.
                   A        B        C        D        E       F      G
               +--------+--------+--------+--------+--------+-----+--------+
         Total |   1915 |   1857 |     58 |    134 |   1236 |   3 |  638.3 |
       Dungeon |   1915 |   1857 |     58 |    134 |   1236 |   3 |  638.3 |
               +--------+--------+--------+--------+--------+-----+--------+

Top non-repeatable levels by time:
     D:2: 1059 daAuts
     D:1: 673 daAuts
     D:3: 181 daAuts
